 Dungeon Crawl Stone Soup version 0.28-a0-751-gef3a642a4e (webtiles) character file.

Game seed: 1354836414771414019

696 Gargoyl the Skirmisher (level 7, -3/90 HPs)
             Began as a Gnoll Abyssal Knight on Oct 30, 2021.
             Was a Believer of Lugonu.
             Slain by a killer bee (6 damage)
             ... on level 4 of the Dungeon.
             The game lasted 00:04:23 (3055 turns).

Gargoyl the Skirmisher (Gnoll Abyssal Knight)       Turns: 3055, Time: 00:04:24

Health: -3/90      AC: 23    Str: 12    XL:     7   Next: 64%
Magic:  11/11      EV:  2    Int: 10    God:    Lugonu [**....]
Gold:   93         SH:  0    Dex: 18    Spells: 11/11 levels left

rFire   + . .      SeeInvis .   d - +1 dagger (venom)
rCold   + . .      Faith    .   (no shield)
rNeg    . . .      Spirit   .   (armour currently unavailable)
rPois   +          Reflect  .   (helmet currently unavailable)
rElec   +          Harm     .   (cloak currently unavailable)
rCorr   +          Rampage  .   (gloves currently unavailable)
Will    .....      NoTele   +   (boots currently unavailable)
Stlth   ++........              (no amulet)
HPRegen 0.25/turn               h - +6 ring of dexterity
MPRegen 0.12/turn               (no ring)

@: tree-form, resistant
A: stationary, stasis, torment immunity, boosted hp, (fangs 1), strong nose,
distributed training, (iridescent scales 1), weak 1, wild magic 1
a: Renounce Religion, Depart the Abyss, Bend Space


You were on level 4 of the Dungeon.
You worshipped Lugonu.
Lugonu was pleased with you.
You were a tree.
You visited 1 branch of the dungeon, and saw 4 of its levels.
You visited the Abyss 1 time.

You collected 93 gold pieces.

Inventory:

Hand Weapons
 a - a +1 hand axe
 d - a +1 dagger of venom (weapon)
Armour
 j - a +1 pair of boots (melded)
 k - a +0 ring mail (melded)
Jewellery
 h - a +6 ring of dexterity (left branch)
Wands
 c - a wand of iceblast (3)
Scrolls
 b - 2 scrolls of magic mapping
 l - a scroll of enchant armour
 m - a scroll of fear {unknown}
 n - a scroll of fog
 o - 2 scrolls of identify
Potions
 g - a potion of attraction {unknown}
 i - a potion of brilliance {unknown}


   Skills:
 + Level 7.1 Fighting
 + Level 2.6 Short Blades
 + Level 2.6 Long Blades
 + Level 5.3 Axes
 + Level 2.6 Maces & Flails
 + Level 2.6 Polearms
 + Level 2.6 Staves
 + Level 2.6 Slings
 + Level 2.6 Bows
 + Level 2.6 Crossbows
 + Level 2.6 Throwing
 + Level 5.3 Armour
 + Level 3.7 Dodging
 + Level 2.6 Stealth
 + Level 2.6 Shields
 + Level 2.6 Unarmed Combat
 + Level 2.6 Spellcasting
 + Level 2.1 Conjurations
 + Level 2.1 Hexes
 + Level 2.1 Summonings
 + Level 2.1 Necromancy
 + Level 2.1 Translocations
 + Level 2.1 Transmutations
 + Level 2.1 Fire Magic
 + Level 2.1 Ice Magic
 + Level 2.1 Air Magic
 + Level 2.1 Earth Magic
 + Level 2.1 Poison Magic
 + Level 5.4 Invocations
 + Level 2.6 Evocations


You had 11 spell levels left.
You didn't know any spells.
Your spell library contained the following spells:

 Spells                   Type           Power      Damage    Failure   Level
 Gell's Gravitas          Tloc           3%         N/A       45%         3
 Lesser Beckoning         Tloc           7%         N/A       45%         3
 Stone Arrow              Conj/Erth      14%        3d7       45%         3
 Teleport Other           Tloc           7%         N/A       45%         3
 Animate Armour           Summ/Erth      14%        N/A       83%         4
 Lehudib's Crystal Spear  Conj/Erth      3%         10d3      100%        8


Dungeon Overview and Level Annotations

Branches:
Dungeon (4/15)
 Temple: D:4-7

Altars:

Annotations:
D:4 exclusion: oklob sapling


Innate Abilities, Weirdness & Mutations

You are a tree.
Your roots penetrate the ground, keeping you stationary.
You cannot be teleported.
You are immune to unholy pain and torment.
Your maximum health is greatly increased.
Your equipment is partially melded.
((You have very sharp teeth.))
Your uncanny sense of smell can sniff out nearby items.
Your experience applies equally to all skills.
((You are partially covered in iridescent scales. (AC +2)))
You are weak. (Str -2)
Your spells are a little harder to cast, but a little more powerful.


Message History

A killer bee comes into view.
You feel sick. The ogre hits you with a +0 giant club.
You see here a killer bee corpse.
You barely miss the ogre.
The killer bee buzzes angrily. x2; You hear an angry buzzing noise.
The ogre hits you with a +0 giant club.
Unknown command.
You hit the ogre.
The ogre is lightly wounded.
You feel sick. The ogre hits you with a +0 giant club!
You hit the ogre.
The ogre is poisoned.
The ogre is lightly wounded.
You feel sick.
Unknown command.
You hit the ogre.
The ogre looks as sick as possible!
The ogre is moderately wounded.
You feel sick. The ogre hits you with a +0 giant club!
* * * LOW HITPOINT WARNING * * *
Unknown command.
You feel sick.
You are no longer poisoned.
You kill the ogre!
Lugonu accepts your kill.
You hit the killer bee.
The killer bee is lightly wounded.
The killer bee closely misses you. The killer bee stings you.
* * * LOW HITPOINT WARNING * * *
You hit the killer bee.
The killer bee is moderately wounded.
The killer bee completely misses you.
You feel protected. The killer bee stings you!
* * * LOW HITPOINT WARNING * * *
The killer bee stings you.
* * * LOW HITPOINT WARNING * * *
It was a potion of lignification.
You turn into a tree.
Your +1 pair of boots melds into your body.
Your +0 ring mail melds into your body.
Your roots penetrate the ground.
The killer bee stings you.
You die...

....#
..................###
....#
...........#.........
....#
.....#####...........
....##.....#
##........... ......#
#.........## #####y#
##........# #y#
#.########
#y############.#
#.#.y..#.).y♣.>#
#.#.#.##.#######
#.y.#.##.# #####y.yy#
######


You could see a killer bee.

Vanquished Creatures
  Sigmund (D:2)
  A large abomination (Abyss:2)
  A neqoxec (Abyss:2)
  An ogre (D:4)
  A killer bee (D:4)
  A hound (D:3)
  Terence (D:3)
  3 adders
  2 worms
  3 dart slugs
  6 orcs
  6 ball pythons
  2 bats (D:2)
  7 endoplasms
  4 giant cockroaches
  5 goblins
  4 hobgoblins
  4 jackals (D:1)
  A quokka (D:3)
  4 kobolds
  11 rats
69 creatures vanquished.

Vanquished Creatures (others)
  5 plants (D:4)
5 creatures vanquished.

Grand Total: 74 creatures vanquished

Notes
Turn   | Place    | Note
-------+----------+-------------------------------------------
     0 | Abyss:1  | Gargoyl the Gnoll Abyssal Knight began the quest for the
                  | Orb.
     0 | Abyss:1  | Reached XP level 1. HP: 23/23 MP: 3/3
    71 | Abyss:2  | Noticed a large abomination
    74 | Abyss:2  | Killed a large abomination
    75 | Abyss:2  | Reached skill level 1 in Short Blades
    75 | Abyss:2  | Reached skill level 1 in Long Blades
    75 | Abyss:2  | Reached skill level 1 in Maces & Flails
    75 | Abyss:2  | Reached skill level 1 in Polearms
    75 | Abyss:2  | Reached skill level 1 in Staves
    75 | Abyss:2  | Reached skill level 1 in Slings
    75 | Abyss:2  | Reached skill level 1 in Bows
    75 | Abyss:2  | Reached skill level 1 in Crossbows
    75 | Abyss:2  | Reached skill level 1 in Throwing
    75 | Abyss:2  | Reached skill level 1 in Stealth
    75 | Abyss:2  | Reached skill level 1 in Shields
    75 | Abyss:2  | Reached skill level 1 in Unarmed Combat
    75 | Abyss:2  | Reached skill level 1 in Spellcasting
    75 | Abyss:2  | Reached skill level 1 in Conjurations
    75 | Abyss:2  | Reached skill level 1 in Hexes
    75 | Abyss:2  | Reached skill level 1 in Summonings
    75 | Abyss:2  | Reached skill level 1 in Necromancy
    75 | Abyss:2  | Reached skill level 1 in Translocations
    75 | Abyss:2  | Reached skill level 1 in Transmutations
    75 | Abyss:2  | Reached skill level 1 in Fire Magic
    75 | Abyss:2  | Reached skill level 1 in Ice Magic
    75 | Abyss:2  | Reached skill level 1 in Air Magic
    75 | Abyss:2  | Reached skill level 1 in Earth Magic
    75 | Abyss:2  | Reached skill level 1 in Poison Magic
    75 | Abyss:2  | Reached skill level 1 in Evocations
    75 | Abyss:2  | Reached XP level 2. HP: 29/29 MP: 5/5
    75 | Abyss:2  | Reached XP level 3. HP: 35/35 MP: 6/6
    75 | Abyss:2  | Reached XP level 4. HP: 41/41 MP: 7/7
    75 | Abyss:2  | Reached XP level 5. HP: 47/47 MP: 8/8
    93 | Abyss:2  | Noticed a neqoxec
    96 | Abyss:2  | Noticed a thrashing horror
    96 | Abyss:2  | Noticed a blizzard demon
   100 | Abyss:2  | Killed a neqoxec
   100 | Abyss:2  | Noticed a large abomination
   101 | Abyss:2  | Reached skill level 5 in Invocations
   101 | Abyss:2  | Reached XP level 6. HP: 39/53 MP: 9/9
   101 | D:1      | Escaped the Abyss
   102 | D:1      | Gained mutation: You are weak. (Str -2) [potion of
                  | mutation]
   102 | D:1      | Gained mutation: You are partially covered in iridescent
                  | scales. (AC +2) [potion of mutation]
   102 | D:1      | Gained mutation: Your spells are a little harder to cast,
                  | but a little more powerful. [potion of mutation]
   399 | D:1      | Reached * piety under Lugonu
   421 | D:1      | Found a faded altar of an unknown god.
   649 | D:1      | Reached skill level 5 in Axes
   649 | D:1      | Reached skill level 5 in Armour
  1225 | D:2      | Noticed Sigmund
  1259 | D:2      | Killed Sigmund
  1260 | D:2      | Reached XP level 7. HP: 9/59 MP: 10/10
  2190 | D:3      | Noticed Terence
  2253 | D:3      | Reached skill level 7 in Fighting
  2763 | D:3      | Killed Terence
  3029 | D:4      | Reached ** piety under Lugonu
  3054 | D:4      | HP: 2/60 [killer bee (5)]
  3055 | D:4      | Slain by a killer bee

Illustrated notes

Levels and vault maps discovered:
D:1:      dpeg_arrival_ratfight, layout_basic, ebering_ecumenical_altar_hall,
          minmay_hexomino_c4
D:2:      layout_basic, minmay_tripent, uniq_sigmund
D:3:      layout_basic, grunt_ministairs_2, st_stairs_6, skrybe_limestone_x,
          minmay_misc_feat_chi, uniq_terence
D:4:      layout_basic, minmay_temple_entry_oklob

Skill      XL: |  1  2  3  4  5  6  7 |
---------------+----------------------+-----
Short Blades   | 1 2 |  2.6
Long Blades    | 1 2 |  2.6
Maces & Flails | 1 2 |  2.6
Polearms       | 1 2 |  2.6
Staves         | 1 2 |  2.6
Slings         | 1 2 |  2.6
Bows           | 1 2 |  2.6
Crossbows      | 1 2 |  2.6
Throwing       | 1 2 |  2.6
Stealth        | 1 2 |  2.6
Shields        | 1 2 |  2.6
Unarmed Combat | 1 2 |  2.6
Spellcasting   | 1 2 |  2.6
Conjurations   | 1 2 |  2.1
Hexes          | 1 2 |  2.1
Summonings     | 1 2 |  2.1
Necromancy     | 1 2 |  2.1
Translocations | 1 2 |  2.1
Transmutations | 1 2 |  2.1
Fire Magic     | 1 2 |  2.1
Ice Magic      | 1 2 |  2.1
Air Magic      | 1 2 |  2.1
Earth Magic    | 1 2 |  2.1
Poison Magic   | 1 2 |  2.1
Evocations     | 1 2 |  2.6
Dodging        | 3 |  3.7
Invocations    | 5 |  5.4
Axes           | 5 |  5.3
Armour         | 5 |  5.3
Fighting       | 7 |  7.1

Action                   |  1- 3 |  4- 6 |  7- 9 || total
-------------------------+-------+-------+-------++-------
Melee: Hand axe          |       |   110 |    11 ||   121
       Bite              |       |     9 |    12 ||    21
       Punch             |       |     1 |     1 ||     2
       Dagger            |       |       |    81 ||    81
Invok: Depart the Abyss  |       |     1 |       ||     1
Evoke: Wand              |     4 |     3 |       ||     7
  Use: Scroll            |     2 |     2 |     3 ||     7
       Potion            |       |     4 |     2 ||     6
 Stab: Sleeping          |       |     2 |       ||     2
Armor: Leather armour    |       |    18 |       ||    18
       Ring mail         |       |    14 |    30 ||    44
Dodge: Dodged            |       |    74 |    39 ||   113

Table legend: (Time is in decaauts)
 A = Elapsed time spent in this place.
 B = Non-inter-level travel time spent in this place.
 C = Inter-level travel time spent in this place.
 D = Time resting spent in this place.
 E = Time spent auto-exploring this place.
 F = Levels seen in this place.
 G = Mean time per level.
                   A        B        C        D        E       F      G
               +--------+--------+--------+--------+--------+-----+--------+
         Total |   3060 |   2978 |     82 |     16 |   2267 |   6 |  510.0 |
       Dungeon |   2960 |   2878 |     82 |     16 |   2208 |   4 |  740.0 |
         Abyss |    100 |    100 |      0 |      0 |     59 |   2 |   50.0 |
               +--------+--------+--------+--------+--------+-----+--------+

Top non-repeatable levels by time:
     D:2: 1133 daAuts
     D:3: 932 daAuts
     D:1: 751 daAuts
     D:4: 142 daAuts
 Abyss:2: 60 daAuts
 Abyss:1: 40 daAuts
